Map: 어스름 탑

Players

llllllllllll (Scarlett)

  • Race: Zerg Zerg
  • League: Grandmaster

llllllllll - Winner!

  • Race: Terran Terran
  • League: Master

VOD

Have the link to the VOD?

Description

Time

  • Played on: April 10, 2016, 2:05 a.m.
  • Length: 6:17
Show
View Real Time Build Order
Export as new Build Order

llllllllllll Zerg 

Build Orders: Hatch First 

Get SALT Encoding   

  12  0:01  Drone  
  13  0:09  Drone  
  14  0:17  Overlord  
  14  0:23  Extractor, Drone  
  15  0:36  Drone  
  15  0:38  Drone  
  17  0:51  Hatchery  
  17  0:56  Drone  
  17  0:58  Drone  
  18  1:11  Spawning Pool  
  18  1:14  Drone  
  18  1:17  Drone  
  19  1:28  Drone  
  20  1:43  Hatchery  
  20  1:44  Drone  
  20  1:50  Overlord  
  20  1:59  Queen  
  22  2:06  Queen  
  24  2:09  Zergling x2  
  24  2:13  Drone  
  26  2:16  Drone  
  26  2:17  Drone  
  26  2:20  Drone  
  29  2:24  Drone  
  30  2:36  Queen  
  32  2:42  Queen, Drone  
  34  2:48  Overlord  
  33  2:58  Drone  
  33  2:59  Drone x3  
  37  3:07  Roach Warren  
  37  3:08  Extractor  
  37  3:10  Extractor  
  34  3:14  Queen  
  36  3:26  Queen  
  36  3:27  Queen  
  36  3:30  Drone x2  
  42  3:38  Drone x3  
  42  3:40  Drone  
  46  3:43  Overlord  
  46  3:52  Roach x2  
  50  3:59  Overlord  
  50  4:08  Roach x2  
  50  4:13  Roach x2  
  50  4:18  Roach  
  50  4:19  Roach  
  50  4:23  Drone  
  50  4:24  Drone x3  
  54  4:26  Roach  
  54  4:36  Queen  
  54  4:37  Ravager  
  57  4:40  Queen  
  57  4:43  Roach  
  61  4:52  Overlord  
  61  4:53  Drone x5  
  61  4:56  Overlord  
  64  5:10  Ravager x2  
  64  5:13  Queen  
  64  5:24  Roach  
  64  5:25  Roach  
  68  5:30  Roach x2  
  68  5:31  Queen  
  71  6:14  Extractor x2  
Show
View Real Time Build Order
Export as new Build Order

llllllllll Terran - Winner!

Build Orders:  

Get SALT Encoding   

  12  0:00  SCV  
  13  0:13  SCV  
  14  0:17  Supply Depot  
  14  0:25  SCV  
  15  0:39  SCV  
  15  0:40  Barracks  
  16  0:44  Refinery  
  16  0:51  SCV  
  17  0:58  Barracks  
  17  1:03  SCV  
  18  1:15  SCV  
  19  1:19  Barracks  
  19  1:27  SCV, Reaper  
  21  1:35  Supply Depot  
  21  1:39  SCV  
  22  1:45  Reaper  
  23  1:50  Refinery  
  23  2:00  Orbital Command  
  23  2:03  Reaper  
  24  2:12  Supply Depot  
  24  2:19  Reaper  
  25  2:26  SCV  
  26  2:37  Reaper  
  26  2:38  SCV  
  26  2:39  Reaper  
  29  2:50  SCV  
  31  2:51  Reaper  
  31  3:02  SCV  
  32  3:09  Reaper  
  32  3:11  Reaper  
  34  3:17  Command Center  
  34  3:23  Reaper  
  35  3:27  SCV  
  36  3:38  Barracks, Supply Depot  
  36  3:42  Barracks, Reaper  
  36  3:43  Reaper  
  36  3:45  SCV  
  39  3:49  Refinery  
  39  3:56  Supply Depot  
  39  3:57  Refinery  
  39  3:59  Reaper  
  39  4:14  Reaper  
  39  4:15  Reaper  
  39  4:23  SCV  
  39  4:25  Reaper  
  40  4:31  Reaper  
  40  4:32  Reaper  
  40  4:35  SCV  
  42  4:42  Orbital Command  
  42  4:46  Reaper  
  42  4:48  Reaper  
  44  4:53  SCV  
  44  4:57  Reaper  
  46  5:03  Reaper  
  46  5:04  Reaper  
  48  5:07  SCV  
  49  5:17  SCV  
  49  5:18  Reaper  
  49  5:20  Reaper  
  51  5:21  SCV  
  51  5:29  SCV, Reaper  
  52  5:35  Reaper  
  52  5:36  SCV, Reaper  
  52  5:42  SCV  
  55  5:50  SCV  
  55  5:56  Barracks  
  57  5:57  SCV  
Tags
 
Add a new tag
Caveats
  • Supply blocks, unpowered buildings, or Contaminate may cause inaccurate times.
  • Supply counts are checked every 10 seconds.